 Dungeon Crawl Stone Soup version 0.30-a0-778-g2ef04afb54 (webtiles) character file.

Game seed: 15642369186527110806

149 mopl the Sneak (level 5, 0/26 HPs)
             Began as a Vine Stalker Brigand on Feb 15, 2023.
             Was an Initiate of Nemelex Xobeh.
             Slain by a white imp (4 damage)
             ... summoned by Natasha
             ... on level 4 of the Dungeon.
             The game lasted 00:01:57 (1216 turns).

mopl the Sneak (Vine Stalker Brigand)               Turns: 1216, Time: 00:01:58

Health: 0/26       AC:  3    Str: 14    XL:     5   Next: 31%
Magic:  0/6        EV: 11    Int: 11    God:    Nemelex Xobeh [......]
Gold:   78         SH:  0    Dex: 17    Spells: 4/4 levels left

rFire   . . .      SeeInvis .    a - +2 dagger
rCold   . . .      Faith    .    (no shield)
rNeg    . . .      Spirit   +    b - +0 robe
rPois   .          Reflect  .    (no helmet)
rElec   .          Harm     .    c - +0 cloak
rCorr   .          Rampage  .    (no gloves)
Will    .....                    (no boots)
Stlth   +++                      (no amulet)
HPRegen 1.04/turn                (no ring)
MPRegen 0.10/turn                (no ring)

@: no status effects
A: fangs 2, regeneration 1, magic shield, antimagic bite, no potion heal 2
a: Renounce Religion, Draw Escape, Draw Destruction, Draw Summoning


You were on level 4 of the Dungeon.
You worshipped Nemelex Xobeh.
Nemelex Xobeh was noncommittal.
You visited 2 branches of the dungeon, and saw 4 of its levels.

You collected 78 gold pieces.

Inventory:

Hand Weapons
 a - a +2 dagger (weapon)
Missiles
 d - 9 poisoned darts (quivered)
 e - 3 curare-tipped darts
 j - 5 boomerangs
Armour
 b - a +0 robe (worn)
 c - a +0 cloak (worn)
Magical Staves
 h - a staff of poison
Wands
 n - a wand of paralysis (7)
Scrolls
 g - 2 scrolls of identify {unknown}
 i - a scroll of enchant armour {unknown}
 k - a scroll of immolation {unknown}
 l - 2 scrolls of torment {unknown}
 m - a scroll of teleportation {unknown}
 o - 3 scrolls of enchant weapon {unknown}
Potions
 f - a potion of curing {unknown}


   Skills:
 + Level 1.9 Fighting
 + Level 3.0 Short Blades
 + Level 3.0 Throwing
 - Level 0.7 Dodging
 + Level 6.1 Stealth
 + Level 0.2 Invocations
 + Level 0.2 Evocations


You had 4 spell levels left.
You didn't know any spells.
Your spell library was empty.

Dungeon Overview and Level Annotations

Branches:
Dungeon (4/15)             Temple (1/1) D:4

Altars:
Ashenzari
Cheibriados
Dithmenos
Elyvilon
Fedhas
Gozag
Hepliaklqana
Makhleb
Nemelex Xobeh
Qazlal
Ru
Sif Muna
Trog
Vehumet
Xom
Yredelemnul
Zin
The Shining One

Annotations:
D:4 Natasha


Innate Abilities, Weirdness & Mutations

You have extremely sharp teeth.
Your natural rate of healing is unusually fast.
When hurt, damage is shared between your health and your magic reserves.
Your bite disrupts and absorbs the magic of your enemies.
Potions cannot restore your health.


Message History

Found a stone staircase leading down.
Natasha and a goblin come into view.
Found a scroll labelled UTOPSUMIRCH.
Found a stone staircase leading up and a stone staircase leading down.
Natasha hisses angrily.
Natasha mumbles some strange words.
There is a stone staircase leading down here.
You barely miss Natasha. Your bite misses Natasha.
Natasha claws you but does no damage.
You barely miss Natasha. The white imp gestures at you.
The puff of frost hits you! Natasha casts a spell at you.
The magic dart hits you!
You hit Natasha. You bite Natasha.
Natasha's magic leaks into the air.
You drain her magic.
You feel invigorated.
Natasha is moderately wounded.
The white imp summons a swarm of flies.
Natasha barely misses you.
You barely miss Natasha.
Natasha is moderately wounded.
The white imp disappears for a moment.
The white imp gestures at you. The puff of frost hits you!
* * * LOW HITPOINT WARNING * * *
You are too injured to fight recklessly!
You are too injured to fight recklessly!
You are too injured to fight recklessly!
You are too injured to fight recklessly!
You are too injured to fight recklessly!
You are too injured to fight recklessly!
You are too injured to fight recklessly!
You are too injured to fight recklessly!
You are too injured to fight recklessly!
You are too injured to fight recklessly!
The white imp attacks as you move away! The white imp hits you.
* * * LOW HITPOINT WARNING * * *
The white imp freezes you.
You die...
Your body disappears without a glow.

#..........#
#......<..># #
#..........# #
#..........# #
#..........# #
#..........# #
#....h5....# ####### #@#
..#...## ##.######
.......########........#
........#..............#
..........#####.......?#
........### ##.##.####
.........# #.# .g#
......##.# #.# .#
...#.....# ... ..


You could see Natasha (magic disrupted), a white imp (summoned) and a goblin
(asleep).

Vanquished Creatures
  A scorpion (D:4)
  A hound (D:4)
  An adder (D:4)
  A worm (D:1)
  2 dart slugs (D:1)
  3 bats
  8 endoplasms
  2 giant cockroaches (D:1)
  5 hobgoblins
  2 kobolds (D:1)
  A quokka (D:1)
  7 ball pythons
  4 frilled lizards (D:1)
  8 rats
  A butterfly (D:4)
47 creatures vanquished.

Notes
Turn   | Place    | Note
-------+----------+-------------------------------------------
     0 | D:1      | mopl the Vine Stalker Brigand began the quest for the Orb.
     0 | D:1      | Reached XP level 1. HP: 11/11 MP: 2/2
    26 | D:1      | Reached skill level 5 in Stealth
    38 | D:1      | Reached skill level 2 in Short Blades
    38 | D:1      | Reached skill level 2 in Throwing
    58 | D:1      | Reached XP level 2. HP: 9/15 MP: 3/3
   282 | D:1      | Reached XP level 3. HP: 16/18 MP: 4/4
   986 | D:2      | You fall into a shaft and drop 2 floors!
   988 | D:4      | Found a staircase to the Ecumenical Temple.
   990 | D:4      | Noticed a scorpion
   992 | D:4      | Gained mutation: Your natural rate of healing is unusually
                  | fast. [Vine Stalker growth]
   992 | D:4      | Reached XP level 4. HP: 23/23 MP: 5/5
   995 | D:4      | Killed a scorpion
   996 | D:4      | Reached skill level 3 in Throwing
   996 | D:4      | Reached skill level 6 in Stealth
   996 | D:4      | Reached XP level 5. HP: 26/26 MP: 6/6
  1009 | Temple   | Entered the Ecumenical Temple
  1125 | Temple   | Became a worshipper of Nemelex Xobeh the Trickster
  1162 | D:4      | Reached skill level 3 in Short Blades
  1208 | D:4      | Noticed Natasha
  1216 | D:4      | Slain by a white imp

Illustrated notes

Levels and vault maps discovered:
D:1:      onia_arrival_handbag, layout_loops_ring, nicolae_wormholes
D:2:      layout_basic, serial_curves, eino_curves_02, eino_curves_01,
          eino_curves_04, minmay_distorted
D:4:      layout_rooms, minmay_temple_entry_butterflies, uniq_natasha
Temple:   regret_index_temple_chain_breaker

Skill      XL: |  1  2  3  4  5 |
---------------+----------------+-----
Stealth        | 5 6 |  6.1
Short Blades   | 2 3 |  3.0
Throwing       | 2 3 |  3.0
Fighting       | |  1.9
Dodging        | |  0.7
Invocations    | |  0.2
Evocations     | |  0.2

Action                     |  1- 3 |  4- 6 || total
---------------------------+-------+-------++-------
  Melee: Dagger            |    92 |    16 ||   108
         Bite              |    25 |     4 ||    29
         Punch             |     2 |       ||     2
  Throw: Dart              |       |     1 ||     1
   Stab: Sleeping          |    14 |     1 ||    15
 Armour: Robe              |    20 |     4 ||    24
  Dodge: Dodged            |    29 |     4 ||    33

Table legend: (Time is in decaauts)
 A = Elapsed time spent in this place.
 B = Non-inter-level travel time spent in this place.
 C = Inter-level travel time spent in this place.
 D = Time resting spent in this place.
 E = Time spent auto-exploring this place.
 F = Levels seen in this place.
 G = Mean time per level.
                   A        B        C        D        E       F      G
               +--------+--------+--------+--------+--------+-----+--------+
         Total |   1203 |   1153 |     50 |     51 |    778 |   4 |  300.8 |
       Dungeon |   1071 |   1044 |     27 |     51 |    687 |   3 |  357.0 |
        Temple |    131 |    108 |     23 |      0 |     91 |   1 |  131.0 |
               +--------+--------+--------+--------+--------+-----+--------+

Top non-repeatable levels by time:
     D:1: 692 daAuts
     D:2: 284 daAuts
  Temple: 131 daAuts
     D:4: 95 daAuts
